 Dungeon Crawl Stone Soup version 0.26.1-11-gd32895ea62 (webtiles) character file.

Game seed: 5244859948705057657

14843 vvl the Transmogrifier (level 11, -28/92 HPs)
             Began as a Green Draconian Transmuter on July 9, 2021.
             Was an Elder of Kikubaaqudgha.
             Annihilated by a very large slime creature (52 damage)
             ... on level 12 of the Dungeon.
             The game lasted 01:06:03 (19545 turns).

vvl the Transmogrifier (DrTm)                      Turns: 19545, Time: 01:06:03

Health: -28/92     AC: 10    Str: 15    XL:     11   Next: 94%
Magic:  0/20       EV: 12    Int: 14    God:    Kikubaaqudgha [****..]
Gold:   569        SH:  0    Dex: 12    Spells: 2/23 levels left

rFire    . . .     SeeInvis .   y - +1 dagger (venom)
rCold    . . .     Faith    .   (no shield)
rNeg     . . .     Spirit   +   (armour unavailable)
rPois    +         Reflect  .   (helmet currently unavailable)
rElec    .         Harm     .   x - +1 cloak
rCorr    .         Rampage  .   g - +0 pair of gloves
Will     .....                  (boots currently unavailable)
Stlth    +.........             a - amulet of guardian spirit
HPRegen  0.25/turn              (no ring)
MPRegen  0.17/turn              (no ring)

@: short of breath, appendages, hasted, very quick
A: breathe noxious fumes, unfitting armour, horns 2, talons 2, poison
resistance, cold-blooded, AC +7
a: Breathe Noxious Fumes, End Transformation, Renounce Religion, Receive Corpses


You were on level 12 of the Dungeon.
You worshipped Kikubaaqudgha.
Kikubaaqudgha was greatly pleased with you.
You had grown temporary horns.
You had grown temporary talons.
You visited 2 branches of the dungeon, and saw 13 of its levels.
You also visited: Ossuary.

You collected 724 gold pieces.
You spent 155 gold pieces at shops.

Inventory:

Hand Weapons
 c - a +2 flail of holy wrath
 y - a +1 dagger of venom (weapon)
 J - a +1 whip of electrocution
Armour
 g - a +0 pair of gloves (worn)
 x - a +1 cloak (worn)
Jewellery
 a - an amulet of guardian spirit (around neck)
 w - an uncursed ring of stealth {unknown}
Wands
 l - a wand of digging (4)
 u - a wand of random effects (45)
 z - a wand of acid (8)
 B - a wand of disintegration (25)
 E - a wand of polymorph (7)
 F - a wand of enslavement (8)
 I - a wand of paralysis (24)
 M - a wand of iceblast (13)
Scrolls
 b - 6 scrolls of remove curse
 f - 4 scrolls of fear {unknown}
 j - a scroll of identify
 k - 3 scrolls of magic mapping
 m - 3 scrolls of enchant armour {unknown}
 n - a scroll of fog
 o - 4 scrolls of teleportation
 p - 3 scrolls of immolation {unknown}
 s - 2 scrolls of amnesia
 D - a scroll of enchant weapon
Potions
 d - a potion of haste
 e - 7 potions of ambrosia {unknown}
 h - 2 potions of curing
 i - 2 potions of might {unknown}
 q - 5 potions of flight
 r - 2 potions of brilliance {unknown}
 t - 2 potions of lignification {unknown}
 v - a potion of attraction {unknown}
 G - 2 potions of magic
 H - a potion of resistance
Miscellaneous
 A - a phantom mirror
 K - a tin of tremorstones (inert)


   Skills:
 + Level 7.4 Fighting
 - Level 1.7 Dodging
 + Level 5.7 Unarmed Combat
 + Level 6.5 Spellcasting
 * Level 7.6 Necromancy
 + Level 9.3 Transmutations
 - Level 6.0 Ice Magic
 + Level 6.5 Earth Magic
 * Level 6.6 Evocations


You had 2 spell levels left.
You knew the following spells:

 Your Spells              Type           Power        Failure   Level
a - Beastly Appendage     Tmut           60%          1%          1
b - Animate Skeleton      Necr           52%          1%          1
c - Ice Form              Ice/Tmut       26%          6%          4
d - Petrify               Tmut/Erth      26%          6%          4
e - Animate Dead          Necr           13%          6%          4
f - Dispel Undead         Necr           26%          6%          4
g - Ozocubu's Armour      Ice            21%          3%          3

Your spell library contained the following spells:

 Spells                   Type           Power        Failure   Level
 Freeze                   Ice            84%          1%          1
 Pain                     Necr           100%         1%          1
 Sublimation of Blood     Necr           13%          1%          2
 Wereblood                Tmut           30%          1%          2
 Corpse Rot               Necr/Air       N/A          4%          2
 Apportation              Tloc           8%           16%         1
 Corona                   Hex            4%           16%         1
 Shock                    Conj/Air       16%          16%         1
 Summon Small Mammal      Summ           16%          16%         1
 Swiftness                Air            4%           22%         2
 Vampiric Draining        Necr           13%          1%          3
 Frozen Ramparts          Ice            42%          3%          3
 Spider Form              Tmut/Pois      8%           7%          3
 Blade Hands              Tmut           15%          9%          5
 Agony                    Necr           26%          19%         5
 Excruciating Wounds      Necr           13%          19%         5
 Borgnjor's Vile Clutch   Necr/Erth      12%          22%         5
 Confusing Touch          Hex            4%           41%         3
 Gell's Gravitas          Tloc           2%           41%         3
 Static Discharge         Conj/Air       4%           41%         3
 Hailstorm                Conj/Ice       13%          41%         4
 Summon Ice Beast         Ice/Summ       13%          41%         4
 Yara's Violent Unravell  Hex/Tmut       8%           52%         5
 Metabolic Englaciation   Hex/Ice        6%           77%         5
 Airstrike                Air            2%           83%         4
 Lightning Bolt           Conj/Air       2%           99%         5


Dungeon Overview and Level Annotations

Branches:
Dungeon (12/15)            Temple (1/1) D:5            Lair (0/6) D:10
    Orc (0/2) D:11        Ossuary (visited)

Altars:
Ashenzari
Cheibriados
Dithmenos
Elyvilon
Fedhas
Hepliaklqana
Kikubaaqudgha
Makhleb
Nemelex Xobeh
Okawaru
Qazlal
Ru
Sif Muna
Trog
Uskayaw
Vehumet
Wu Jian
Xom
Yredelemnul
Zin
The Shining One

Shops:
D:5 [   D:6 *

Annotations:
D:12 exclusion: obsidian statue


Innate Abilities, Weirdness & Mutations

You can breathe blasts of noxious fumes.
Your lurid green scales are hard. (AC +7)
You cannot fit into any form of body armour.
Your system is resistant to poisons. (rPois)
You are cold-blooded and may be slowed by cold attacks.
You have a pair of horns on your head.
You have razor-sharp toenails.


Message History

The very large slime creature is lightly wounded.
You hit the very large slime creature.
You tail-slap the very large slime creature, but do no damage.
The very large slime creature is lightly wounded.
The very large slime creature completely misses you.
You hit the very large slime creature.
The very large slime creature is lightly wounded.
The very large slime creature hits you!!
You hit the very large slime creature.
Your tail-slap misses the very large slime creature.
The very large slime creature is lightly wounded.
The very large slime creature hits you!!!
Ouch! That really hurt!
* * * LOW HITPOINT WARNING * * *
You feel yourself speed up.
A slime creature comes into view.
The very large slime creature hits you!!!
Ouch! That really hurt!
You die...
Kikubaaqudgha rasps: "You have failed me!
Welcome... death!"

#.# #.......
#.##########....
#....(.######...
#..###..........
###.........##....
#....######.......
#.#### #.##....
#.# # ##... #@#
#... #J# #.## #.#
#.## #.# #.## #.#
.#.## #.# ##.#.##
#.# #....## #J#
#..#### #.# ###
#......


You could see a very large slime creature (poisoned) and a slime creature.

Vanquished Creatures
  2 boulder beetles
  Erica (D:10)
  An unseen horror (D:10)
  A wizard (D:10)
  Pikel (D:6)
  The ghost of bigdumb the Cudgeller, a novice DgWn (D:6)
  A cyclops (D:11)
  An ugly thing (D:10)
  Maggie (D:10)
  The ghost of oc3rt the Bolt Thrower, a novice KoHu (D:3)
  The ghost of oc3rt the Bolt Thrower, a novice KoHu (D:3)
  A queen bee (D:12)
  3 meliai (D:12)
  A troll (D:10)
  A hornet (D:11)
  A spriggan (D:9)
  A shadow (D:10)
  A wyvern (D:12)
  2 wraiths
  2 vampire mosquitoes (D:12)
  Grum (D:10)
  Menkaure (D:4)
  Edmund (D:4)
  2 soldier ants
  A water moccasin (D:5)
  4 orc warriors
  3 black bears
  2 sky beasts (D:5)
  A necrophage (D:9)
  2 ice beasts
  8 ogres
  2 wolves (D:10)
  4 centaurs
  A lemure (D:6)
  A big kobold (D:8)
  5 bullfrogs
  A wyvern zombie (D:12)
  A water moccasin zombie (Ossuary)
  5 scorpions
  A water moccasin skeleton (D:11)
  19 killer bees
  3 howler monkeys
  10 wights
  A quasit (D:12)
  4 hounds
  5 orc priests
  A jelly (D:10)
  2 bullfrog zombies
  2 centaur skeletons
  9 orc wizards
  Crazy Yiuf (D:4)
  An iguana (D:6)
  Ijyb (D:5)
  11 worker ants
  3 big kobold zombies (Ossuary)
  A hound zombie (D:10)
  A hound skeleton (D:10)
  3 mummies
  3 worker ant zombies
  13 adders
  4 gnolls (D:8)
  A howler monkey skeleton (D:10)
  5 shadow imps
  3 white imps
  3 ufetubi
  3 oozes
  6 adder zombies (Ossuary)
  An adder skeleton (D:4)
  4 worms
  4 dart slugs
  5 leopard geckos
  49 orcs
  5 bats
  6 giant cockroaches
  4 gnoll zombies (Ossuary)
  8 goblins
  5 hobgoblins
  18 jackals
  12 kobolds
  6 quokkas
  3 ball pythons
  3 frilled lizards
  A hobgoblin zombie (Ossuary)
  6 kobold zombies
  9 orc zombies
  2 quokka skeletons
  6 rats
348 creatures vanquished.

Vanquished Creatures (collateral kills)
  A centaur warrior (D:6)
  An orc warrior (D:11)
  7 killer bees
  A wight (D:11)
  An orc priest (D:6)
  An orc (D:11)
12 creatures vanquished.

Vanquished Creatures (others)
  A centaur (D:11)
  4 withered plants (D:3)
5 creatures vanquished.

Grand Total: 365 creatures vanquished

Notes
Turn   | Place    | Note
-------+----------+-------------------------------------------
     0 | D:1      | vvl the Draconian Transmuter began the quest for the Orb.
     0 | D:1      | Reached XP level 1. HP: 16/16 MP: 3/3
   174 | D:1      | Reached XP level 2. HP: 23/23 MP: 3/5
   727 | D:2      | Reached skill level 1 in Ice Magic
   727 | D:2      | Reached XP level 3. HP: 16/28 MP: 4/6
   935 | D:2      | Reached skill level 1 in Necromancy
  1534 | D:3      | Reached skill level 3 in Transmutations
  1534 | D:3      | Reached XP level 4. HP: 12/36 MP: 5/7
  1821 | D:3      | Found a glowing golden altar of the Shining One.
  2407 | D:3      | Reached XP level 5. HP: 27/41 MP: 8/8
  2643 | D:3      | Found a shadowy altar of Dithmenos.
  2644 | D:3      | Found a hide-covered altar of Uskayaw.
  2644 | D:3      | Found a burning altar of Makhleb.
  3074 | D:3      | Found a runed translucent gate.
  3074 | D:3      | Found a runed translucent gate.
  3074 | D:3      | Found a runed translucent gate.
  3074 | D:3      | Noticed oc3rt's ghost (novice KoHu)
  3075 | D:3      | Noticed oc3rt's ghost (novice KoHu)
  3282 | D:4      | Noticed Edmund
  3296 | D:4      | Killed Edmund
  3297 | D:4      | Reached skill level 1 in Earth Magic
  3297 | D:4      | Reached XP level 6. HP: 27/50 MP: 10/10
  3668 | D:4      | Reached skill level 4 in Transmutations
  3910 | D:4      | Noticed Menkaure
  3932 | D:4      | Killed Menkaure
  4411 | D:4      | Your scales start taking on a lurid green colour.
  4411 | D:4      | Reached XP level 7. HP: 56/57 MP: 9/11
  4411 | D:4      | Gained mutation: Your system is resistant to poisons.
                  | (rPois) [Green Draconian growth]
  4638 | D:4      | Found a runed translucent door.
  4639 | D:4      | Noticed Crazy Yiuf
  4932 | D:4      | Killed Crazy Yiuf
  5037 | D:5      | Entered Level 5 of the Dungeon
  5206 | D:5      | Noticed Ijyb
  5230 | D:5      | Killed Ijyb
  5231 | D:5      | Reached skill level 5 in Transmutations
  5584 | D:5      | Found Waes's Armour Boutique.
  5740 | D:5      | Reached XP level 8. HP: 65/66 MP: 11/13
  5890 | D:5      | Found a staircase to the Ecumenical Temple.
  5899 | Temple   | Entered the Ecumenical Temple
  6079 | Temple   | Became a worshipper of Kikubaaqudgha
  6499 | D:6      | Found a runed translucent gate.
  6499 | D:6      | Found a runed translucent gate.
  6499 | D:6      | Found a runed translucent gate.
  6499 | D:6      | Noticed bigdumb's ghost (novice DgWn)
  6500 | D:6      | Noticed a centaur warrior
  6506 | D:6      | Noticed Pikel
  6529 | D:6      | Killed Pikel
  6530 | D:6      | Reached skill level 6 in Transmutations
  7176 | D:6      | Found a basalt altar of Yredelemnul.
  7224 | D:6      | Found Gupaq's Assorted Antiques.
  7258 | D:6      | Bought a scroll labelled XOLEIPPOUR for 31 gold pieces
  7258 | D:6      | Bought a scroll labelled UFEPUUFIUPS for 31 gold pieces
  7258 | D:6      | Bought a scroll labelled GULOIN KUM MUNK for 31 gold pieces
  7258 | D:6      | Bought a scroll labelled ISIRUA ZOFALUE for 31 gold pieces
  7258 | D:6      | Bought a scroll labelled ISIRUA ZOFALUE for 31 gold pieces
  7603 | D:3      | Learned a level 1 spell: Animate Skeleton
  7608 | D:3      | Learned a level 4 spell: Ice Form
  7613 | D:3      | Learned a level 4 spell: Petrify
  7629 | D:3      | Killed oc3rt's ghost
  7641 | D:3      | Killed oc3rt's ghost
  7642 | D:3      | Reached XP level 9. HP: 48/73 MP: 6/15
  8082 | D:7      | Reached skill level 7 in Transmutations
  8083 | D:7      | Reached skill level 5 in Fighting
  9179 | D:8      | Found a sand-covered staircase.
  9257 | Ossuary  | Entered an ossuary
  9697 | Ossuary  | Reached * piety under Kikubaaqudgha
  9697 | Ossuary  | Identified Kikubaaqudgha's Guide on Unholy Magic
                  | (Kikubaaqudgha gifted it to you in an ossuary)
  9697 | Ossuary  | Received a gift from Kikubaaqudgha
 10142 | D:8      | Found a broken altar of Ashenzari.
 10150 | D:8      | Found a sacrificial altar of Ru.
 10157 | D:8      | Reached skill level 1 in Evocations
 10540 | D:8      | Reached skill level 5 in Spellcasting
 10540 | D:8      | Reached skill level 5 in Ice Magic
 11056 | D:8      | Reached skill level 5 in Necromancy
 11156 | D:8      | Reached ** piety under Kikubaaqudgha
 11465 | D:9      | Reached skill level 8 in Transmutations
 11465 | D:9      | Reached XP level 10. HP: 54/79 MP: 12/17
 11803 | D:9      | Found an ornate altar of the Wu Jian Council.
 12062 | D:9      | Found an iron altar of Okawaru.
 12144 | D:10     | Entered Level 10 of the Dungeon
 12390 | D:10     | Noticed a green ugly thing
 12393 | D:10     | Found a staircase to the Lair.
 12414 | D:10     | Killed a green ugly thing
 12415 | D:10     | Reached skill level 5 in Earth Magic
 12795 | D:10     | Killed an unseen horror
 13405 | D:10     | Noticed Maggie
 13411 | D:10     | Noticed Erica
 13416 | D:10     | Noticed Grum
 13430 | D:10     | Killed Maggie
 13430 | D:10     | Reached *** piety under Kikubaaqudgha
 13430 | D:10     | Identified Kikubaaqudgha's Guide on Stolen Souls
                  | (Kikubaaqudgha gifted it to you on level 10 of the Dungeon)
 13430 | D:10     | Received a gift from Kikubaaqudgha
 13694 | D:10     | Killed Grum
 14108 | D:10     | Killed Erica
 14328 | D:10     | Noticed a wizard
 14364 | D:10     | Killed a wizard
 14365 | D:10     | Reached XP level 11. HP: 91/91 MP: 19/19
 14652 | D:6      | Learned a level 4 spell: Animate Dead
 14658 | D:6      | Learned a level 4 spell: Dispel Undead
 14674 | D:6      | Killed bigdumb's ghost
 14689 | D:6      | Killed a centaur warrior
 15121 | D:10     | Learned a level 3 spell: Ozocubu's Armour
 15176 | D:11     | Reached skill level 5 in Evocations
 15180 | D:11     | Noticed a boulder beetle
 15191 | D:11     | HP: 1/88 [cyclops/large rock (8)]
 15522 | D:11     | Killed a boulder beetle
 15523 | D:11     | Reached skill level 5 in Unarmed Combat
 15830 | D:11     | Reached skill level 9 in Transmutations
 16627 | D:11     | Found a staircase to the Orcish Mines.
 17356 | D:12     | Noticed an obsidian statue
 17379 | D:12     | Noticed a boulder beetle
 17411 | D:12     | Killed a boulder beetle
 17871 | D:12     | Reached **** piety under Kikubaaqudgha
 19545 | D:12     | Annihilated by a very large slime creature

Illustrated notes

Levels and vault maps discovered:
D:1:      lightli_arrival_noodles, layout_basic
D:2:      layout_basic, minmay_pentomino_o2
D:3:      layout_loops_ring, tso_oasis_becter, grunt_temple_overflow_open,
          gammafunk_ghost_cemetery
D:4:      layout_gridville, uniq_edmund, uniq_crazy_yiuf_cottage, uniq_menkaure
D:5:      layout_basic, minmay_temple_entry_tees, serial_shops,
          nicolae_shop_trees, uniq_ijyb
D:6:      layout_basic, kennysheep_mini_moat, serial_shops, shop_fountains,
          gammafunk_ghost_split, hangedman_decor_slide_cut, uniq_pikel
D:7:      layout_basic
D:8:      layout_gridville, nicolae_overflow_hidden_temple,
          nicolae_ossuary_entry_giza
D:9:      layout_cave_pools, marbit_many_paths, okawaru_metal_pillars_1_2,
          the_bakery
D:10:     layout_cave_pools, lair_entry_dummy, eino_tiny_chamber,
          minmay_diamond_spiral, uniq_erica, uniq_maggie, uniq_grum
D:11:     layout_rooms, orc_0_dummy, hangedman_pestilent_swarm,
          minmay_crystal_room, minmay_misc_feat_columns
D:12:     layout_loops_ring, special_room [special_room_bee],
          hangedman_devilish_allure
Temple:   minmay_temple_bridge_abc

Skill      XL: |  1  2  3  4  5  6  7  8  9 10 11 |
---------------+----------------------------------+-----
Ice Magic      | 1 2 3 4 5 6 |  6.0
Necromancy     | 1 2 3 4 5 6 7 |  7.6
Transmutations | 3 4 5 6 8 9 |  9.3
Fighting       | 2 3 4 5 6 7 |  7.4
Earth Magic    | 1 2 4 5 6 |  6.5
Spellcasting   | 3 4 5 6 |  6.5
Evocations     | 2 4 6 |  6.6
Unarmed Combat | 4 5 |  5.7
Dodging        | |  1.7

Action                   |  1- 3 |  4- 6 |  7- 9 | 10-12 || total
-------------------------+-------+-------+-------+-------++-------
Melee: Unarmed           |    39 |       |   139 |     9 ||   187
       Kick              |    22 |    36 |    52 |    69 ||   179
       Tailslap          |    10 |    14 |    78 |    90 ||   192
       Headbutt          |     7 |    28 |    38 |    41 ||   114
       Short sword       |    68 |     8 |    54 |       ||   130
       Punch             |     2 |     2 |    14 |    13 ||    31
       Dagger            |    41 |   179 |   447 |   508 ||  1175
       Flail             |       |     7 |       |    47 ||    54
 Cast: Beastly Appendage |    25 |    21 |    23 |    22 ||    91
       Ice Form          |       |       |    10 |     2 ||    12
       Dispel Undead     |       |       |       |     3 ||     3
       Animate Dead      |       |       |       |     2 ||     2
       Animate Skeleton  |       |       |       |     2 ||     2
Invok: Receive Corpses   |       |       |       |     2 ||     2
 Abil: Breathe Noxious F |       |       |     3 |    17 ||    20
       End Transformatio |       |       |     1 |       ||     1
Evoke: Wand              |       |       |       |    22 ||    22
       Tin of tremorston |       |       |       |     2 ||     2
  Use: Potion            |       |     1 |       |    13 ||    14
       Scroll            |       |       |     9 |    11 ||    20
 Stab: Sleeping          |     1 |     1 |     2 |       ||     4
       Confused          |       |       |     5 |     1 ||     6
       Paralysed         |       |       |       |    21 ||    21
Armor: Skin              |    39 |    46 |   228 |   279 ||   592
Dodge: Dodged            |   108 |   127 |   409 |   476 ||  1120
